 Dungeon Sprint DCSS version 0.28.0-53-g5a82cb258f (webtiles) character file.

Game seed: 7569873264031485446

204 Zeld the Fighter (level 5, -5/56 HPs)
             Began as a Minotaur Berserker on May 29, 2022.
             Was an Elder of Trog.
             Slain by a fire elemental (12 damage)
             ... summoned by a deep elf pyromancer
             ... in the Dungeon (Sprint III: "The Ten Rune Challenge").
             The game lasted 00:01:03 (581 turns).

Zeld the Fighter (Minotaur Berserker)                Turns: 581, Time: 00:01:04

Health: -5/56      AC:  2    Str: 23    XL:     5   Next: 52%
Magic:  4/4        EV: 13    Int:  2    God:    Trog [****..]
Gold:   50         SH:  0    Dex: 10    Spells: 4/4 levels left

rFire   . . .      SeeInvis .   a - +0 hand axe
rCold   . . .      Faith    .   (no shield)
rNeg    . . .      Spirit   .   b - +0 animal skin
rPois   .          Reflect  .   (helmet unavailable)
rElec   .          Harm     .   (no cloak)
rCorr   .          Rampage  .   (no gloves)
Will    .....      NoTele   +   (no boots)
Stlth   +.........              (no amulet)
HPRegen 0.18/turn               (no ring)
MPRegen 0.09/turn               (no ring)

@: no status effects
A: horns 3, retaliatory headbutt, dopey 1
a: Renounce Religion, Berserk, Trog's Hand, Brothers in Arms


You were in the Dungeon.
You worshipped Trog.
Trog was greatly pleased with you.
You visited 1 branch You collected 50 gold pieces.

Inventory:

Hand Weapons
 a - a +0 hand axe (weapon)
Armour
 b - a +0 animal skin (worn)
Scrolls
 h - a scroll of blinking
Potions
 c - 2 potions of curing
 d - a potion of heal wounds
 e - a potion of haste
 f - 2 potions of magic
 g - a potion of berserk rage
 l - 2 potions of flight
 m - a potion of lignification {unknown}


   Skills:
 * Level 8.8 Fighting
 * Level 8.7 Axes
 + Level 6.0 Armour
 + Level 5.5 Dodging


You had 4 spell levels left.
You didn't know any spells.
Your spell library was empty.

Dungeon Overview and Level Annotations

Branches:
Dungeon (1/1)

Altars:
Elyvilon
Kikubaaqudgha
Sif Muna
Vehumet
Zin
The Shining One


Innate Abilities, Weirdness & Mutations

You have a pair of large horns on your head.
You reflexively headbutt those who attack you in melee.
You are dopey. (Int -2)


Message History

There is an open door here.
You hit the deep elf pyromancer.
The deep elf pyromancer is lightly wounded.
The deep elf pyromancer gestures wildly while chanting.
The deep elf pyromancer blinks!
You closely miss the deep elf pyromancer.
Your headbutt misses the deep elf pyromancer.
The deep elf pyromancer hits you with a +4 long sword of holy wrath.
You slash the deep elf pyromancer!
The deep elf pyromancer is moderately wounded.
The deep elf pyromancer gestures wildly while chanting.
You closely miss the deep elf pyromancer.
Your headbutt misses the deep elf pyromancer.
The deep elf pyromancer is lightly wounded.
The deep elf pyromancer points at you and mumbles some strange words.
The sticky flame misses you.
You miss the deep elf pyromancer.
The deep elf pyromancer is lightly wounded.
You hit the fire elemental but do no damage.
You closely miss the fire elemental. The fire elemental misses you.
The fire elemental closely misses you. You furiously retaliate!
You headbutt the fire elemental! You slash the fire elemental!
The fire elemental is severely damaged.
You barely miss the deep elf pyromancer.
You slash the fire elemental!
The deep elf pyromancer hits you with a +4 long sword of holy wrath!
The fire elemental misses you. The fire elemental hits you.
The fire elemental burns you!
You slash the deep elf pyromancer!
The deep elf pyromancer is moderately wounded.
You miss the fire elemental. You hit the fire elemental.
The fire elemental hits you. The fire elemental burns you!
* * * LOW HITPOINT WARNING * * *
The deep elf pyromancer hits you with a +4 long sword of holy wrath.
* * * LOW HITPOINT WARNING * * *
The fire elemental hits you.
* * * LOW HITPOINT WARNING * * *
The fire elemental burns you!
You die...

▓▓▓▓▓▓▓▓ ▓▓▓ .'.....♣
♣.##### .#....♣♣ ♣.#___#
##....♣♣ ♣.#...#
.#....≈♣♣♣♣♣.###@#+###+#
.#...≈?♣..♣..#°EeE......
.#..≈≈≈≈♣♣♣♣.'.⌠.○......
'#..≈≈≈≈≈≈♣..#...######+
.#.≈≈≈≈≈≈....#.⌠.#
.#.≈≈≈≈≈.....#...#
.#.≈≈≈.......#)###
##...........#.:.#
.............#___#


You could see a deep elf pyromancer and 2 fire elementals.

Vanquished Creatures
  A water elemental (D)
  A scorpion (D)
  Jessica (D)
  A wizard (D)
  A human (D)
  A kobold demonologist (D)
  2 endoplasms (D)
  A rat (D)
9 creatures vanquished.

Notes
Turn   | Place    | Note
-------+----------+-------------------------------------------
     0 | D        | Zeld the Minotaur Berserker began the quest for the Orb.
     0 | D        | Reached XP level 1. HP: 19/19 MP: 0/0
    27 | D        | Noticed Jessica
    30 | D        | Killed Jessica
    30 | D        | Reached ** piety under Trog
    31 | D        | Reached skill level 5 in Fighting
    31 | D        | Reached skill level 5 in Axes
    31 | D        | Reached XP level 2. HP: 20/29 MP: 1/1
    31 | D        | Reached XP level 3. HP: 25/36 MP: 2/2
   178 | D        | Noticed a scorpion
   189 | D        | Killed a scorpion
   189 | D        | Reached *** piety under Trog
   190 | D        | Reached XP level 4. HP: 31/47 MP: 3/3
   286 | D        | Gained mutation: You occasionally shout uncontrollably at
                  | your foes. [potion of mutation]
   286 | D        | Gained mutation: Your flesh is heat resistant. (rF+)
                  | [potion of mutation]
   286 | D        | Gained mutation: Armour fits poorly on your strangely
                  | shaped body. [potion of mutation]
   286 | D        | Gained mutation: You are strong-willed. (Will+) [potion of
                  | mutation]
   287 | D        | Lost mutation: You occasionally shout uncontrollably at
                  | your foes. [potion of mutation]
   287 | D        | Lost mutation: Your flesh is heat resistant. (rF+) [potion
                  | of mutation]
   287 | D        | Gained mutation: You are clumsy. (Dex -2) [potion of
                  | mutation]
   287 | D        | Lost mutation: You are clumsy. (Dex -2) [potion of
                  | mutation]
   287 | D        | Gained mutation: You have a pair of large horns on your
                  | head. [potion of mutation]
   354 | D        | Lost mutation: You are strong-willed. (Will+) [potion of
                  | mutation]
   354 | D        | Lost mutation: Armour fits poorly on your strangely shaped
                  | body. [potion of mutation]
   354 | D        | Gained mutation: You are dopey. (Int -2) [potion of
                  | mutation]
   479 | D        | Noticed a water elemental
   483 | D        | Killed a water elemental
   484 | D        | Reached skill level 5 in Armour
   484 | D        | Reached skill level 5 in Dodging
   484 | D        | Reached XP level 5. HP: 53/53 MP: 4/4
   548 | D        | Found a radiant altar of Vehumet.
   548 | D        | Found a shimmering blue altar of Sif Muna.
   548 | D        | Found an ancient bone altar of Kikubaaqudgha.
   554 | D        | Reached **** piety under Trog
   573 | D        | Found a glowing silver altar of Zin.
   573 | D        | Found a glowing golden altar of the Shining One.
   573 | D        | Found a white marble altar of Elyvilon.
   574 | D        | Noticed a deep elf pyromancer
   578 | D        | Noticed a fire elemental
   578 | D        | Noticed a fire elemental
   581 | D        | Slain by a fire elemental

Illustrated notes

Levels and vault maps discovered:
D:        dungeon_sprint_mu [sprint_mu_entry_forest, sprint_mu_temple_rooms,
          sprint_mu_d1_horrors, sprint_mu_d2_genie, sprint_mu_d3_branching,
          sprint_mu_orc_legion, sprint_mu_elf_gauntlet, sprint_mu_hive_nellie,
          sprint_mu_lair_fedhas, sprint_mu_vaults_butterflies,
          sprint_mu_slime_circle, sprint_mu_swamp_cave, sprint_mu_snake_twists,
          sprint_mu_blade_basic, sprint_mu_crypt_fortress,
          sprint_mu_tomb_spiral, sprint_mu_vestibule_basic,
          sprint_mu_gehenna_hellfire, sprint_mu_dis_giant,
          sprint_mu_tartarus_statrot, sprint_mu_cocytus_islands, sprint_mu_zot1]

Skill      XL: |  1  2  3  4  5 |
---------------+----------------+-----
Fighting       | 5 7 8 |  8.8
Axes           | 5 7 8 |  8.7
Armour         | 3 4 5 6 |  6.0
Dodging        | 3 4 5 |  5.5

Action                   |  1- 3 |  4- 6 || total
-------------------------+-------+-------++-------
Melee: Hand axe          |    22 |    16 ||    38
       Headbutt          |     7 |     5 ||    12
       Punch             |     1 |       ||     1
Invok: Berserk           |     1 |     1 ||     2
  Use: Scroll            |       |     3 ||     3
       Potion            |       |     3 ||     3
Armor: Animal skin       |     1 |     2 ||     3
Dodge: Dodged            |    11 |     4 ||    15
